 Dungeon Crawl Stone Soup version 0.31-a0-214-gb37851dbb3 (webtiles) character file.

Game seed: 17993727935629738900

662 qw the Chopper (level 7, 0/43 HPs)
             Began as a Gargoyle Fighter on July 1, 2023.
             Slain by a gnoll sergeant
             ... wielding a +0 spear
              (9 damage)
             ... on level 5 of the Dungeon.
             The game lasted 00:02:23 (3873 turns).

qw the Chopper (Gargoyle Fighter)                   Turns: 3873, Time: 00:02:24

Health: 0/43       AC: 15    Str: 22    XL:     7   Next: 56%
Magic:  7/7        EV:  8    Int:  8    God:
Gold:   307        SH:  4    Dex:  9    Spells: 6/6 levels left

rFire   . . .        Y - +0 war axe
rCold   . . .        c - +0 buckler
rNeg    + . .        p - +0 chain mail
rPois   inf          (no helmet)
rElec   +            j - +0 cloak
rCorr   .            (no gloves)
SInv    .            (no boots)
Will    .....        (no amulet) Stlth
                     (no ring)
HPRegen 0.27/turn    (no ring)
MPRegen 0.10/turn

%: no passive effects
@: no status effects
A: sickness immunity, AC +4, negative energy resistance 1, electricity
resistance, torment resistance 1, petrification resistance
a: no special abilities


You were on level 5 of the Dungeon.
You visited 1 branch of the dungeon, and saw 5 of its levels.

You collected 307 gold pieces.


Innate Abilities, Weirdness & Mutations

You are immune to sickness and miasma.
Your stone body is resilient. (AC +4)
You are immune to poison.
You resist negative energy. (rN+)
You are resistant to electric shocks. (rElec)
You are resistant to unholy torment.
You are immune to petrification.


   Skills:
 - Level 4.0 Fighting
 + Level 6.6 Axes
 - Level 2.2 Throwing
 - Level 3.2 Armour
 - Level 1.1 Dodging
 - Level 3.2 Shields


You had 6 spell levels left.
You didn't know any spells.
Your spell library was empty.

Inventory:

Hand Weapons
 e - a +0 flail of protection
 Y - a +0 war axe (weapon)
Armour
 c - a +0 buckler (worn)
 j - a +0 cloak (worn)
 k - the +1 robe of Apne {rElec rCorr Int-5}
   (You took it off a kobold on level 3 of the Dungeon)

   Int:       It affects your intelligence (-5).
   rElec:     It insulates you from electricity.
   rCorr:     It protects you from acid and corrosion.
 p - a +0 chain mail (worn)
Jewellery
 b - a +6 ring of dexterity
Scrolls
 g - 3 scrolls of identify
Potions
 a - a potion of mutation
 d - 2 potions of might
 f - a potion of enlightenment {unknown}
 h - a potion of resistance {unknown}
 i - a potion of invisibility {unknown}
 l - a potion of ambrosia {unknown}
 n - a potion of brilliance {unknown}
 o - a potion of haste {unknown}

Dungeon Overview and Level Annotations

Branches:
Dungeon (5/15)
 Temple: D:4-7

Altars:
Ashenzari
Gozag
Trog
Vehumet
Yredelemnul
The Shining One

Annotations:
D:3 1 runed translucent door, qw's ghost, weakling DEHu


Message History

You hit the gnoll sergeant.
The gnoll sergeant is lightly wounded.
The gnoll hits you but does no damage.
The gnoll sergeant hits you with a +0 spear.
The gnoll sergeant blocks your attack.
The gnoll sergeant is lightly wounded.
The gnoll hits you but does no damage. The gnoll sergeant closely misses you.
The gnoll hits you but does no damage.
The gnoll sergeant hits you but does no damage.
You hit the gnoll sergeant.
The gnoll sergeant is moderately wounded.
The gnoll hits you but does no damage.
The gnoll sergeant hits you with a +0 spear!
The gnoll sergeant blocks your attack.
The gnoll sergeant is moderately wounded.
You block the gnoll's attack.
The gnoll sergeant hits you with a +0 spear.
You closely miss the gnoll sergeant.
The gnoll sergeant is moderately wounded.
The gnoll closely misses you.
The gnoll sergeant hits you with a +0 spear.
You slash the gnoll sergeant!
The gnoll sergeant is almost dead.
The gnoll hits you but does no damage.
The gnoll sergeant hits you with a +0 spear!
You closely miss the gnoll sergeant.
The gnoll sergeant is almost dead.
The gnoll barely misses you.
The gnoll sergeant hits you but does no damage.
You block the gnoll's attack.
The gnoll sergeant hits you with a +0 spear.
You hit the gnoll sergeant but do no damage.
The gnoll sergeant is almost dead.
The gnoll hits you but does no damage.
The gnoll sergeant hits you with a +0 spear.
You hit the gnoll sergeant.
The gnoll sergeant is almost dead.
The gnoll hits you from afar with a +0 spear.
The gnoll sergeant hits you with a +0 spear!
You die...

###..# ##%#
#.# #+# #.#
#.# #.# #>#
#.# ##.##
#.#
####...###
#.#
.........##
#@#
###...###.##
#g# #..##
##.#####g#
#..#
#.......#
#..##
##.#######
###.###.##
#....##
#.#### #.#


You could see a gnoll sergeant and a gnoll.

Vanquished Creatures
  A centaur (D:5)
  2 phantoms
  A jelly (D:5)
  2 hounds
  An orc priest (D:4)
  2 iguanas
  2 orc wizards (D:5)
  2 gnolls (D:5)
  5 adders
  A shadow imp (D:5)
  2 white imps
  3 worms
  A dart slug (D:2)
  13 orcs
  5 ball pythons
  5 bats
  9 endoplasms
  A giant cockroach (D:3)
  7 goblins
  6 hobgoblins
  9 kobolds
  7 quokkas
  4 frilled lizards
  5 rats
96 creatures vanquished.

Vanquished Creatures (others)
  An orc wizard (D:5)
1 creature vanquished.

Grand Total: 97 creatures vanquished

Notes
Turn   | Place    | Note
-------+----------+-------------------------------------------
     0 | D:1      | qw the Gargoyle Fighter began the quest for the Orb.
     0 | D:1      | Reached XP level 1. HP: 14/14 MP: 1/1
     0 | D:1      | 0 ||| qw: Version: 0.3-a-32-g5962c71
     0 | D:1      | 0 ||| qw: Game counter: 7687
     0 | D:1      | 0 ||| qw: Melee chars always use a shield: true
     0 | D:1      | 0 ||| qw: God list: Okawaru
     0 | D:1      | 0 ||| qw: Allow faded altars: false
     0 | D:1      | 0 ||| qw: Do Orc after clearing Dungeon:15 true
     0 | D:1      | 0 ||| qw: Do second Lair branch before Depths: true
     0 | D:1      | 0 ||| qw: Lair rune preference: random
     0 | D:1      | 0 ||| qw: Goals: Normal, Zot:1-4, Slime:5, God:TSO, Crypt,
                  | Tomb, Abyss, Pan, Hells, Win
     0 | D:1      | 0 ||| PLANNING D:1-11
    86 | D:1      | Reached skill level 2 in Axes
   142 | D:1      | Reached XP level 2. HP: 19/19 MP: 2/2
   711 | D:1      | Reached skill level 3 in Axes
   852 | D:1      | 852 ||| READING scroll labelled NUJODO MISIOV.
   853 | D:1      | 853 ||| READING 2 scrolls labelled YSTRIE LOFREAS.
   854 | D:1      | 854 ||| READING scroll labelled UBORIS ULAI.
   855 | D:1      | 855 ||| READING scroll labelled GUBBUFUPLA.
   933 | D:2      | Reached XP level 3. HP: 23/23 MP: 3/3
   941 | D:2      | 941 ||| Stepping ~*~*~tactically~*~*~ (hiding).
   958 | D:2      | 958 ||| Stepping ~*~*~tactically~*~*~ (stealth).
   960 | D:2      | 960 ||| Stepping ~*~*~tactically~*~*~ (stealth).
   998 | D:2      | 998 ||| Stepping ~*~*~tactically~*~*~ (hiding).
   999 | D:2      | 999 ||| Stepping ~*~*~tactically~*~*~ (hiding).
  1000 | D:2      | 1000 ||| Stepping ~*~*~tactically~*~*~ (hiding).
  1001 | D:2      | 1001 ||| Stepping ~*~*~tactically~*~*~ (hiding).
  1176 | D:2      | 1176 ||| Stepping ~*~*~tactically~*~*~ (hiding).
  1177 | D:2      | 1177 ||| Stepping ~*~*~tactically~*~*~ (hiding).
  1546 | D:2      | 1546 ||| UPGRADING to +0 cloak.
  1606 | D:3      | Reached XP level 4. HP: 24/28 MP: 4/4
  1707 | D:3      | Identified the +1 robe of Apne {rElec rCorr Int-5}
  1709 | D:3      | 1709 ||| FLEEEEING.
  1710 | D:3      | 1710 ||| FLEEEEING.
  1718 | D:3      | 1718 ||| FLEEEEING.
  1719 | D:3      | 1719 ||| FLEEEEING.
  1720 | D:3      | 1720 ||| FLEEEEING.
  1721 | D:3      | 1721 ||| FLEEEEING.
  1722 | D:3      | 1722 ||| FLEEEEING.
  1723 | D:3      | 1723 ||| FLEEEEING.
  1724 | D:3      | 1724 ||| FLEEEEING.
  1725 | D:3      | 1725 ||| FLEEEEING.
  1736 | D:3      | 1736 ||| FLEEEEING.
  1744 | D:3      | 1744 ||| FLEEEEING.
  1745 | D:3      | 1745 ||| FLEEEEING.
  1746 | D:3      | 1746 ||| FLEEEEING.
  1751 | D:3      | 1751 ||| FLEEEEING.
  1753 | D:3      | 1753 ||| FLEEEEING.
  1754 | D:3      | 1754 ||| FLEEEEING.
  1755 | D:3      | 1755 ||| FLEEEEING.
  1756 | D:3      | 1756 ||| FLEEEEING.
  1757 | D:3      | 1757 ||| FLEEEEING.
  1759 | D:3      | 1759 ||| FLEEEEING.
  1762 | D:3      | 1762 ||| STAIRDANCE
  1782 | D:2      | 1782 ||| READING scroll labelled SYW SYILAWECY.
  1797 | D:3      | 1797 ||| Stepping ~*~*~tactically~*~*~ (stealth).
  1808 | D:3      | Reached skill level 4 in Axes
  1861 | D:3      | 1861 ||| Stepping ~*~*~tactically~*~*~ (hiding).
  1956 | D:3      | Found a runed translucent door.
  1956 | D:3      | Noticed qw's ghost (weakling DEHu)
  2114 | D:3      | 2114 ||| DROPPING +0 whip.
  2275 | D:3      | Reached XP level 5. HP: 23/32 MP: 5/5
  2277 | D:3      | 2277 ||| FLEEEEING.
  2278 | D:3      | 2278 ||| FLEEEEING.
  2279 | D:3      | 2279 ||| FLEEEEING.
  2280 | D:3      | 2280 ||| FLEEEEING.
  2281 | D:3      | 2281 ||| FLEEEEING.
  2282 | D:3      | 2282 ||| FLEEEEING.
  2283 | D:3      | 2283 ||| FLEEEEING.
  2284 | D:3      | 2284 ||| FLEEEEING.
  2405 | D:3      | Found a broken altar of Ashenzari.
  2417 | D:3      | Found a glowing golden altar of the Shining One.
  2417 | D:3      | Found a basalt altar of Yredelemnul.
  2419 | D:3      | Found a bloodstained altar of Trog.
  2421 | D:3      | Found an opulent altar of Gozag.
  2627 | D:3      | 2627 ||| READING scroll labelled INKUOFO JURES.
  2650 | D:3      | 2650 ||| READING scroll labelled NUCUICW GOIRA.
  2651 | D:3      | 2651 ||| READING scroll labelled JEMATUI ULESK.
  2652 | D:3      | 2652 ||| READING scroll labelled REVAICIROX.
  2746 | D:4      | Found a radiant altar of Vehumet.
  2751 | D:4      | Noticed a phantom
  2764 | D:4      | Killed a phantom
  2785 | D:4      | 2785 ||| Stepping ~*~*~tactically~*~*~ (stealth).
  2787 | D:4      | 2787 ||| Stepping ~*~*~tactically~*~*~ (stealth).
  2791 | D:4      | 2791 ||| Stepping ~*~*~tactically~*~*~ (hiding).
  2806 | D:4      | Reached XP level 6. HP: 15/37 MP: 6/6
  2896 | D:4      | 2896 ||| DROPPING +1 whip of flaming.
  2922 | D:4      | Reached skill level 5 in Axes
  3103 | D:4      | 3103 ||| Stepping ~*~*~tactically~*~*~ (hiding).
  3104 | D:4      | 3104 ||| Stepping ~*~*~tactically~*~*~ (hiding).
  3113 | D:4      | 3113 ||| FLEEEEING.
  3114 | D:4      | 3114 ||| FLEEEEING.
  3116 | D:4      | 3116 ||| FLEEEEING.
  3117 | D:4      | 3117 ||| FLEEEEING.
  3118 | D:4      | 3118 ||| FLEEEEING.
  3119 | D:4      | 3119 ||| FLEEEEING.
  3120 | D:4      | 3120 ||| FLEEEEING.
  3121 | D:4      | 3121 ||| FLEEEEING.
  3122 | D:4      | 3122 ||| FLEEEEING.
  3123 | D:4      | 3123 ||| FLEEEEING.
  3124 | D:4      | 3124 ||| FLEEEEING.
  3125 | D:4      | 3125 ||| FLEEEEING.
  3126 | D:4      | 3126 ||| FLEEEEING.
  3127 | D:4      | 3127 ||| FLEEEEING.
  3128 | D:4      | 3128 ||| FLEEEEING.
  3129 | D:4      | 3129 ||| FLEEEEING.
  3130 | D:4      | 3130 ||| FLEEEEING.
  3131 | D:4      | 3131 ||| FLEEEEING.
  3132 | D:4      | 3132 ||| FLEEEEING.
  3133 | D:4      | 3133 ||| FLEEEEING.
  3134 | D:4      | 3134 ||| FLEEEEING.
  3135 | D:4      | 3135 ||| FLEEEEING.
  3136 | D:4      | 3136 ||| FLEEEEING.
  3137 | D:4      | 3137 ||| STAIRDANCE
  3190 | D:3      | 3190 ||| UPGRADING to +0 chain mail.
  3200 | D:3      | 3200 ||| DROPPING +0 scale mail.
  3201 | D:3      | 3201 ||| DROPPING ring of magical power.
  3202 | D:3      | 3202 ||| READING 2 scrolls of identify.
  3202 | D:3      | 3202 ||| IDENTIFYING pink potion
  3347 | D:4      | 3347 ||| Stepping ~*~*~tactically~*~*~ (stealth).
  3440 | D:5      | Entered Level 5 of the Dungeon
  3488 | D:5      | Reached XP level 7. HP: 42/43 MP: 7/7
  3492 | D:5      | 3492 ||| Stepping ~*~*~tactically~*~*~ (hiding).
  3493 | D:5      | 3493 ||| Stepping ~*~*~tactically~*~*~ (hiding).
  3543 | D:5      | Reached skill level 6 in Axes
  3719 | D:5      | 3719 ||| Stepping ~*~*~tactically~*~*~ (hiding).
  3724 | D:5      | 3724 ||| Stepping ~*~*~tactically~*~*~ (hiding).
  3726 | D:5      | 3726 ||| FLEEEEING.
  3727 | D:5      | 3727 ||| FLEEEEING.
  3728 | D:5      | 3728 ||| FLEEEEING.
  3729 | D:5      | 3729 ||| FLEEEEING.
  3730 | D:5      | 3730 ||| FLEEEEING.
  3731 | D:5      | 3731 ||| FLEEEEING.
  3732 | D:5      | 3732 ||| FLEEEEING.
  3733 | D:5      | 3733 ||| FLEEEEING.
  3734 | D:5      | 3734 ||| FLEEEEING.
  3735 | D:5      | 3735 ||| FLEEEEING.
  3736 | D:5      | 3736 ||| FLEEEEING.
  3737 | D:5      | 3737 ||| FLEEEEING.
  3738 | D:5      | 3738 ||| FLEEEEING.
  3739 | D:5      | 3739 ||| FLEEEEING.
  3740 | D:5      | 3740 ||| FLEEEEING.
  3741 | D:5      | 3741 ||| FLEEEEING.
  3757 | D:5      | 3757 ||| FLEEEEING.
  3758 | D:5      | Reached skill level 1 in Dodging
  3758 | D:5      | 3758 ||| FLEEEEING.
  3759 | D:5      | 3759 ||| FLEEEEING.
  3760 | D:5      | 3760 ||| FLEEEEING.
  3873 | D:5      | HP: 9/43 [gnoll/+0 spear[a gnoll sergeant] (6)]
  3873 | D:5      | Slain by a gnoll sergeant

Levels and vault maps discovered:
D:1:      eino_arrival_cavern_a, layout_basic
D:2:      layout_rooms
D:3:      minmay_diamond_boxcup, layout_loops_cross, minitemple,
          gammafunk_ghost_grave, wad_floor_pattern_1
D:4:      layout_cave_pools, mainiacjoe_overflow_surrounded_room, minmay_cupped
D:5:      layout_loops_corners, minmay_temple_entry_wispy, minmay_between,
          uniq_sigmund

Skill      XL: |  1  2  3  4  5  6  7 |
---------------+----------------------+-----
Axes           | 2 3 4 5 6 |  6.6
Throwing       | 2 |  2.2
Fighting       | 4 |  4.0
Dodging        | 1 |  1.1
Armour         | |  3.2
Shields        | |  3.2

Action                     |  1- 3 |  4- 6 |  7- 9 || total
---------------------------+-------+-------+-------++-------
  Melee: War axe           |    84 |   132 |   106 ||   322
  Throw: Javelin           |       |    29 |     4 ||    33
    Use: Scroll            |     4 |     6 |       ||    10
 Armour: Scale mail        |    29 |    54 |       ||    83
         Chain mail        |       |    25 |    87 ||   112
  Dodge: Dodged            |    26 |    65 |    30 ||   121
  Block: Buckler           |    14 |    32 |    14 ||    60

Table legend:
 A = Non-vault XP
 B = Vault XP
 C = Vault XP percentage of total XP
 D = Non-vault monster count
 E = Vault monster count
 F = Vault count percentage of total count
                 A         B        C        D         E       F
            +---------+---------+-------+---------+---------+-------
      Total |     625 |     322 |  34.0 |      78 |      19 |  19.6
            +---------+---------+-------+---------+---------+-------
        D:1 |      30 |       0 |   0.0 |      17 |       0 |   0.0
        D:2 |      46 |       0 |   0.0 |      16 |       0 |   0.0
        D:3 |      75 |      20 |  21.1 |      15 |      11 |  42.3
        D:4 |     243 |      56 |  18.7 |      18 |       3 |  14.3
        D:5 |     231 |     246 |  51.6 |      12 |       5 |  29.4
            +---------+---------+-------+---------+---------+-------
